cohdb
Replays
Latest Replays
All Replays
Popular Replays
Top Player Replays
Match Explorer
How It Works
Community
CoH3 Stats
Reddit
Sign in to upload your games and track your stats! →
Sign in with Steam
Match 42938409
Unlisted
Match 42938409
Overview
Messages
Build Orders
End
Kettenkrad Recon Vehicle
Construct Infanterie Kompanie
Grenadier Squad
MG 42 Machine Gun Team
MG 42 Machine Gun Team
Construct Panzergrenadier Kompanie
Panzergrenadier Squad
Panzergrenadier Squad
Pak 40 Anti-tank Gun Team
MG 42 Bunker
Pak 40 Anti-tank Gun Team
Medical Station
Family Atomics
欧金金斯库一
Gentium
Dripmans
†TugaElite†
PH_SONECA
0
0
Comments
sign in to comment!
No comments posted yet!